 Dungeon Crawl Stone Soup version 0.17-a0-2101-g0c122e7 (webtiles) character file.

46 mrath the Digger (level 3, 0/19 HPs)
             Began as a Gargoyle Earth Elementalist on Oct 19, 2015.
             Slain by a gnoll (3 damage)
             ... on level 2 of the Dungeon.
             The game lasted 00:17:39 (2223 turns).

mrath the Digger (Gargoyle Earth Elementalist)      Turns: 2223, Time: 00:17:39

Health: 0/19       AC:  5    Str: 11    XL:     3   Next: 66%
Magic:  5/7        EV: 12    Int: 16    God:
Gold:   56         SH:  0    Dex: 10    Spells: 3 memorised, 2 levels left

rFire  . . .     SeeInvis .     e - +5 hand axe
rCold  . . .     Clarity  .     b - +0 robe
rNeg   + . .     SustAt   .     (no shield)
rPois  ∞         Gourm    .     (no helmet)
rElec  +         Spirit   .     (no cloak)
rCorr  .         Warding  .     (no gloves)
rMut   .         Stasis   .     (no boots)
MR     .....                    h - amulet of inaccuracy (curse)
Stlth  ++........               (no ring)
                                (no ring)

@: not resistant to hostile enchantments, unstealthy
A: negative energy resistance 1, electricity resistance, unbreathing,
petrification resistance, rot immunity, AC +3
a: no special abilities


You were on level 2 of the Dungeon.
You were not hungry.

You visited 1 branch of the dungeon, and saw 2 of its levels.

You collected 56 gold pieces.

Inventory:

Hand Weapons
 e - a +5 hand axe (weapon)
 f - a +1 dagger of speed
 g - a cursed -1 dagger
 m - a +0 hunting sling of flaming
Missiles
 a - 37 stones
 i - 5 needles of sleeping
 l - 6 needles of confusion
 n - 12 sling bullets (quivered)
Armour
 b - a +0 robe (worn)
 k - a +0 buckler
Jewellery
 h - a cursed amulet of inaccuracy (around neck)
Scrolls
 o - a scroll of amnesia {unknown}
 q - a scroll of noise {unknown}
 r - a scroll of fog {unknown}
Potions
 d - a potion of flight {unknown}
 j - a potion of agility {unknown}
Books
 c - a book of Geomancy

   Spells                             Type                      Level
   a - Sandblast                      Earth                        1
   b - Stoneskin                      Transmutation/Earth          2
   c - Passwall                       Transmutation/Earth          3
   d - Stone Arrow                    Conjuration/Earth            3
   e - Petrify                        Transmutation/Earth          4
   f - Lee's Rapid Deconstruction     Earth                        5
Comestibles
 p - a bread ration
 s - 3 chunks of flesh


   Skills:
 - Level 1.5 Dodging
 - Level 2.1 Stealth
 * Level 3.0 Spellcasting
 + Level 0.2 Conjurations
 - Level 0.7 Transmutations
 + Level 4.4 Earth Magic


You had 2 spell levels left.
You knew the following spells:

 Your Spells              Type           Power        Failure   Level  Hunger
a - Sandblast             Erth           ###...       3%          1    #......
b - Stoneskin             Trmt/Erth      ##......     12%         2    ##.....
c - Stone Arrow           Conj/Erth      #.....       21%         3    ###....


Dungeon Overview and Level Annotations

Branches:
Dungeon (2/15)

Altars:


Innate Abilities, Weirdness & Mutations

You are resistant to torment.
Your stone body is resilient (AC +3).
You are immune to poison.
You resist negative energy.
You are resistant to electric shocks.
You can survive without breathing.
You are immune to petrification.
You are immune to rotting.


Message History

[Y]es or [N]o only, please.
Really attack while wielding your +0 hunting sling of flaming? [Y]es or [N]o only, please.
Really attack while wielding your +0 hunting sling of flaming?
Okay, then.
Wield which item (- for none, * to show all)? (? for menu, Esc to quit)
Your +0 hunting sling of flaming stops flaming.
e - a +5 hand axe (weapon)
The gnoll barely misses you. The gnoll hits you but does no damage.
You closely miss the gnoll. The gnoll hits you. The gnoll barely misses you.
You hit the gnoll but do no damage. The gnoll hits you.
The gnoll closely misses you.
You barely miss the gnoll. The gnoll barely misses you.
The gnoll completely misses you. The gnoll barely misses you.
A gnoll comes into view. It is wielding a spear.
You closely miss the gnoll.
The gnoll hits you from afar with a spear.
* * * LOW HITPOINT WARNING * * *
The gnoll hits you.
You die...

####.###.#.#.#
#........#.#.#
#.##.#####.#.#
#.##....#.#
#.......#.#
#####.#..#.#
#.....#..#.#
########.#####.##.#
#(.gg@............#
#.#g####.#####.####
#. ...# ...# #(
##### ##### #. #?
#. ##


You could see 3 gnolls.

Vanquished Creatures
  An adder (D:1)
  A giant gecko (D:1)
  4 bats (D:1)
  7 giant cockroaches
  7 goblins
  2 hobgoblins (D:1)
  A quokka (D:2)
  3 ball pythons (D:1)
  3 kobolds (D:1)
  5 rats (D:1)
34 creatures vanquished.

Notes
Turn   | Place    | Note
--------------------------------------------------------------
     0 | D:1      | mrath the Gargoyle Earth Elementalist began the quest for the Orb.
     0 | D:1      | Reached XP level 1. HP: 10/10 MP: 3/3
   313 | D:1      | Reached XP level 2. HP: 15/15 MP: 3/5
   628 | D:1      | Reached skill level 4 in Earth Magic
   812 | D:1      | Reached XP level 3. HP: 19/19 MP: 5/7
   835 | D:1      | Learned a level 2 spell: Stoneskin
   839 | D:1      | Learned a level 3 spell: Stone Arrow
  2223 | D:2      | Slain by a gnoll

Vault maps used:
D:1:      lemuel_arrival_lava_pool, roderic_serpentine_path
D:2:      first_bread

Action                   || total
-------------------------++-------
Melee: Hand axe          ||    87
 Fire: Hunting sling     ||     4
 Cast: Sandblast         ||    28
  Use: Scroll            ||     2
  Eat: Bread ration      ||     1
       Royal jelly       ||     1
       Chunk             ||     1
